[Event "Titled Tuesday Blitz June 13 Early 2023"]
[White "Haukenfrers, Dale"]
[Black "Goswami, Vedant"]
[WhiteFideId "2603780"]
[BlackFideId "5003725"]
[WhiteElo "2017"]
[BlackElo "2011"]
[Result "1/2-1/2"]
[Round "3"]
[TimeControl "180+2"]
[Date "2023.06.13"]
[WhiteClock "0:00:59"]
[BlackClock "0:01:02"]
[Board "229"]

1. c3 c5 2. d3 d5 3. Bd2 e5 4. e4 Nc6 5. Be2 Nf6 6. Bf3 Be7 7. Na3 O-O 8. Ne2 dxe4 9. dxe4 Qd3 10. Bg5 Rd8 11. Qxd3 Rxd3 12. Bxf6 Bxf6 13. Ng3 Be6 14. Ke2 Rad8 15. Rhd1 Rxd1 16. Rxd1 Rxd1 17. Kxd1 Bxa2 18. c4 Nd4 19. Kd2 Bg5+ 20. Kc3 a6 21. Nf5 Bc1 22. Nxd4 exd4+ 23. Kc2 Bf4 24. b3 d3+ 25. Kb2 Bxh2 26. Kxa2 Bg1 27. Kb2 Bxf2 28. Kc3 g6 29. Kxd3 Kg7 30. Nc2 Kf6 31. Ne3 Bxe3 32. Kxe3 Ke5 33. g3 b5 34. cxb5 axb5 35. Be2 c4 36. bxc4 bxc4 37. Bxc4 f5 38. exf5 Kxf5 39. Kf3 h5 40. Bb5 g5 41. Be8 g4+ 42. Ke3 Kg5 43. Bxh5 Kxh5 44. Kf4 Kh6 45. Kxg4 Kg6 46. Kh4 Kh6 47. g4 Kg6 48. g5 Kg7 49. Kh5 Kh7 50. g6+ Kg7 51. Kg5 Kg8 52. Kh6 Kh8 53. Kg5 Kg7 54. Kh5 Kg8 55. Kg5 Kg7 56. Kf5 Kg8 57. Ke6 Kg7 58. Kf5 Kg8 59. Kf6 Kf8 60. Ke5 Kg7 61. Kf4 Kxg6 1/2-1/2


[Site "https://www.chess.com"]

[Event "Titled Tuesday Blitz June 13 Early 2023"]
[White "Xie, Bryan"]
[Black "Necula, Iulian"]
[WhiteFideId "30941296"]
[BlackFideId "1232380"]
[WhiteElo "2033"]
[BlackElo "1790"]
[Result "1-0"]
[Round "3"]
[TimeControl "180+2"]
[Date "2023.06.13"]
[WhiteClock "0:00:22"]
[BlackClock "0:01:22"]
[Board "230"]

1. e4 d6 2. d4 Nf6 3. Nc3 Nbd7 4. Nf3 e5 5. Bc4 Be7 6. O-O c6 7. a4 a5 8. Re1 h6 9. h3 Nf8 10. Be3 g5 11. dxe5 dxe5 12. Nxe5 Be6 13. Bxe6 Nxe6 14. Qxd8+ Rxd8 15. Bb6 Rd2 16. Re2 Rxe2 17. Nxe2 Nxe4 18. Bxa5 O-O 19. Rd1 Bd6 20. Nd7 Ra8 21. b4 Be7 22. f3 Nf6 23. Ng3 Nd5 24. Nf5 Bxb4 25. Bxb4 Nxb4 26. Nxh6+ Kh7 27. Nxf7 Rxa4 28. Rd6 Kg7 29. Nfe5 Nf4 30. g3 Nxh3+ 31. Kg2 Nxc2 32. Rg6+ Kh7 33. Nf6+ Kh8 34. Rg8# 1-0


[Site "https://www.chess.com"]

[Event "Titled Tuesday Blitz June 13 Early 2023"]
[White "Yonal, Timur"]
[Black "Porat, Tori"]
[WhiteFideId "44115725"]
[BlackFideId "30982626"]
[WhiteElo "1966"]
[BlackElo "1752"]
[Result "1-0"]
[Round "3"]
[TimeControl "180+2"]
[Date "2023.06.13"]
[WhiteClock "0:00:51"]
[BlackClock "0:00:13"]
[Board "231"]

1. e4 c5 2. Nf3 Nc6 3. Bb5 e6 4. O-O Nge7 5. Re1 a6 6. Bd3 d5 7. c3 d4 8. e5 dxc3 9. dxc3 Nd5 10. Qe2 Be7 11. Qe4 b5 12. a4 c4 13. axb5 cxd3 14. bxc6 d2 15. Nbxd2 Qb6 16. c7 Nxc7 17. Nc4 Qc5 18. Nd6+ Bxd6 19. exd6 Qxd6 20. Bf4 Qd7 21. Bxc7 Qxc7 22. Qxa8 O-O 23. Qe4 Bb7 24. Qe3 Qc6 25. Red1 h6 26. Qf4 g5 27. Qg3 Kh7 28. Rd6 Qe4 29. Re1 Qc2 30. h4 g4 31. Qxg4 Rg8 32. Qh3 Qg6 33. Rd7 Rg7 34. Rxb7 Qc2 35. Ng5+ hxg5 36. hxg5+ Kg6 37. Qh6+ 1-0


[Site "https://www.chess.com"]

[Event "Titled Tuesday Blitz June 13 Early 2023"]
[White "Saim, Mohamed Ilias"]
[Black "Hoffmann, Asa"]
[WhiteFideId "7900465"]
[BlackFideId "2001470"]
[WhiteElo "2063"]
[BlackElo "2117"]
[Result "1-0"]
[Round "3"]
[TimeControl "180+2"]
[Date "2023.06.13"]
[WhiteClock "0:01:41"]
[BlackClock "0:01:16"]
[Board "232"]

1. d4 Nf6 2. Nf3 d6 3. e3 Bf5 4. Bd3 Bg6 5. O-O Nbd7 6. c4 e5 7. Bxg6 hxg6 8. Nc3 Be7 9. b4 c6 10. a4 Qc7 11. h3 O-O-O 12. Ba3 Nb6 13. Qb3 e4 14. Nd2 d5 15. a5 Nxc4 16. Nxc4 dxc4 17. Qxc4 Bd6 18. Rfc1 Rh5 19. b5 cxb5 20. Qxb5 Rxb5 21. Nxb5 Bxa3 22. Rxc7+ Kb8 23. Rxf7 Bf8 24. a6 b6 25. Rxa7 Rd7 26. Rxd7 Nxd7 27. a7+ Ka8 28. Nc7+ Kb7 29. a8=Q+ Kxc7 30. Rc1+ 1-0


[Site "https://www.chess.com"]

[Event "Titled Tuesday Blitz June 13 Early 2023"]
[White "Torres Dominguez, David"]
[Black "Skiadopoulos, Nikolaos"]
[WhiteFideId "2220857"]
[BlackFideId "4200772"]
[WhiteElo "1999"]
[BlackElo "2022"]
[Result "0-1"]
[Round "3"]
[TimeControl "180+2"]
[Date "2023.06.13"]
[WhiteClock "0:00:00"]
[BlackClock "0:01:36"]
[Board "233"]

1. e4 c5 2. Nc3 Nc6 3. Bb5 Na5 4. Nf3 a6 5. Be2 b5 6. O-O Nc6 7. d3 g6 8. Re1 Bg7 9. Bg5 h6 10. Qc1 hxg5 11. Nxg5 Qc7 12. h3 Nd4 13. f4 Nxe2+ 14. Nxe2 Bb7 15. Ng3 Nf6 16. c3 Nh5 17. Nf1 Nxf4 18. Qd2 Bh6 19. h4 Bxg5 20. hxg5 Rh5 21. e5 Nxg2 22. Ng3 Rh3 23. Ne4 Nh4 24. Qf2 Nf3+ 25. Kg2 Nxe1+ 26. Rxe1 Rxd3 27. Kg1 Bxe4 28. Rxe4 O-O-O 29. a4 Rd1+ 30. Kg2 Qc6 31. Qe2 Rd5 32. Kg3 Rh8 33. axb5 axb5 34. c4 bxc4 35. Rxc4 Qe6 36. Rg4 Rxe5 37. Qa6+ Qxa6 0-1


[Site "https://www.chess.com"]

[Event "Titled Tuesday Blitz June 13 Early 2023"]
[White "Terry, Renato"]
[Black "Nihal Sarin"]
[WhiteFideId "3803457"]
[BlackFideId "25092340"]
[WhiteElo "2575"]
[BlackElo "2689"]
[Result "1/2-1/2"]
[Round "4"]
[TimeControl "180+2"]
[Date "2023.06.13"]
[WhiteClock "0:00:14"]
[BlackClock "0:00:09"]
[Board "1"]

1. d4 Nc6 2. Nf3 d6 3. e4 Nf6 4. Nc3 g6 5. Be2 Bg7 6. h3 O-O 7. Be3 a6 8. a4 b6 9. Qd2 Bb7 10. O-O Nb4 11. e5 dxe5 12. Nxe5 e6 13. Rfd1 a5 14. Rac1 Qe7 15. Bg5 Rfd8 16. Qf4 Nfd5 17. Bxe7 Nxf4 18. Bxd8 Rxd8 19. Bf1 c5 20. g3 Nh5 21. Nb5 cxd4 22. Nc4 Bf3 23. Rd2 Bh6 24. Rxd4 Rxd4 25. Nxd4 Bxc1 26. Nxf3 Nxc2 27. Nfe5 Nb4 28. b3 Nd5 29. Nd7 Ba3 30. Kg2 Bb4 31. Ndxb6 Nxb6 32. Nxb6 Nf6 33. Be2 Ne4 34. Bd3 Nxf2 35. Bc2 f5 36. Nd7 Ne4 37. Bxe4 fxe4 38. Nf6+ Kf7 39. Nxe4 e5 40. Kf3 h5 41. Ke3 Ke6 42. g4 hxg4 43. hxg4 Kd5 44. Nf6+ Ke6 45. Ne4 Kd5 46. Nf6+ Ke6 47. Ne4 1/2-1/2


[Site "https://www.chess.com"]

[Event "Titled Tuesday Blitz June 13 Early 2023"]
[White "Nakamura, Hikaru"]
[Black "Ahmadzada, Ahmad"]
[WhiteFideId "2016192"]
[BlackFideId "13413007"]
[WhiteElo "2874"]
[BlackElo "2388"]
[Result "1-0"]
[Round "4"]
[TimeControl "180+2"]
[Date "2023.06.13"]
[WhiteClock "0:01:52"]
[BlackClock "0:00:03"]
[Board "2"]

1. Nf3 c5 2. e3 g6 3. d4 Bg7 4. c4 Nf6 5. Nc3 O-O 6. dxc5 Qa5 7. Bd2 Qxc5 8. Be2 b6 9. O-O Bb7 10. Rc1 d6 11. Nd4 Ne4 12. Nd5 Nxd2 13. Nxe7+ Kh8 14. Qxd2 Qg5 15. Nd5 Nd7 16. Nb5 Qe5 17. b3 Nc5 18. f4 Qb2 19. Qxb2 Bxb2 20. Rc2 Bg7 21. Bf3 Rad8 22. Nxa7 Rfe8 23. Re2 Bxd5 24. Bxd5 Rxe3 25. Rxe3 Bd4 26. Rf3 Re8 27. Kf2 Nd3+ 28. Ke2 1-0


[Site "https://www.chess.com"]

[Event "Titled Tuesday Blitz June 13 Early 2023"]
[White "Caruana, Fabiano"]
[Black "Galchenko, Matvey"]
[WhiteFideId "2020009"]
[BlackFideId "24175480"]
[WhiteElo "2832"]
[BlackElo "2423"]
[Result "1-0"]
[Round "4"]
[TimeControl "180+2"]
[Date "2023.06.13"]
[WhiteClock "0:01:09"]
[BlackClock "0:00:03"]
[Board "3"]

1. e4 e6 2. d4 d5 3. Nd2 a6 4. Ngf3 Nf6 5. e5 Nfd7 6. Bd3 c5 7. c3 Nc6 8. O-O g5 9. a3 g4 10. Ne1 cxd4 11. cxd4 Nxd4 12. Qxg4 Nc6 13. f4 h5 14. Qd1 Nc5 15. Bb1 Qb6 16. Kh1 a5 17. Nef3 Bd7 18. b3 Bh6 19. Ng5 Nxe5 20. fxe5 Bxg5 21. Nc4 dxc4 22. Bxg5 Rg8 23. Qxh5 Rxg5 24. Qxg5 Bb5 25. Qg8+ Kd7 26. Rxf7+ Kc6 27. Qxa8 Nxb3 28. Be4+ Kc5 29. Rd1 Bc6 30. Bxc6 Qxc6 31. Rxb7 c3 32. Qa7+ Kc4 33. Rc7 1-0


[Site "https://www.chess.com"]

[Event "Titled Tuesday Blitz June 13 Early 2023"]
[White "Arutinian, David"]
[Black "Fedoseev, Vladimir"]
[WhiteFideId "13601741"]
[BlackFideId "24130737"]
[WhiteElo "2525"]
[BlackElo "2743"]
[Result "0-1"]
[Round "4"]
[TimeControl "180+2"]
[Date "2023.06.13"]
[WhiteClock "0:00:53"]
[BlackClock "0:01:42"]
[Board "4"]

1. Nf3 Nf6 2. c4 e6 3. e3 Nc6 4. b3 g6 5. Bb2 Bg7 6. g3 O-O 7. Bg2 d5 8. O-O b6 9. d4 Ba6 10. Nbd2 Rc8 11. a3 Na5 12. Qc2 dxc4 13. b4 Nb3 14. Nxb3 cxb3 15. Qxb3 Bxf1 16. Rxf1 c5 17. Rd1 Qd5 18. Qa4 Qa2 19. Ba1 cxb4 20. Qxb4 Nd5 21. Qa4 Rc2 22. Ne1 Rxf2 23. Bxd5 exd5 24. Qb5 Rxh2 0-1


[Site "https://www.chess.com"]

[Event "Titled Tuesday Blitz June 13 Early 2023"]
[White "Harsha Bharathakoti"]
[Black "Dubov, Daniil"]
[WhiteFideId "5078776"]
[BlackFideId "24126055"]
[WhiteElo "2504"]
[BlackElo "2793"]
[Result "0-1"]
[Round "4"]
[TimeControl "180+2"]
[Date "2023.06.13"]
[WhiteClock "0:00:06"]
[BlackClock "0:00:45"]
[Board "5"]

1. d4 Nf6 2. Nf3 d5 3. Bf4 g6 4. e3 Bg7 5. Nbd2 O-O 6. h3 c5 7. c3 Nc6 8. Be2 b6 9. O-O Bb7 10. Ne5 Nd7 11. Nxc6 Bxc6 12. Nf3 Re8 13. Qb3 e6 14. a4 a6 15. Rfe1 Qe7 16. Qa3 Bf8 17. Ne5 Nxe5 18. Bxe5 c4 19. Qxe7 Bxe7 20. Reb1 b5 21. axb5 axb5 22. b4 f6 23. Bh2 Kf7 24. g4 g5 25. Bg3 Bf8 26. Bd1 Bg7 27. f3 h6 28. Bc2 Bf8 29. Kg2 Ke7 30. Bg6 Rec8 31. Bc2 Kd7 32. Kf2 Bd6 33. Bxd6 Kxd6 34. Kg3 e5 35. Bf5 Bd7 36. Bxd7 Kxd7 37. Kf2 Ra4 38. Rxa4 bxa4 39. Ra1 Ra8 40. Ra3 Kc6 41. Kg3 Kb5 42. Kf2 h5 43. Kg3 Rh8 44. Ra1 hxg4 45. hxg4 Ra8 46. Ra3 Ra7 47. Kg2 Re7 48. Kf2 e4 49. fxe4 Rxe4 50. Kf3 Re7 51. Ra1 Ra7 52. Ra3 Rh7 53. Kg2 Rh4 54. Kf3 Rh3+ 55. Kf2 Rh2+ 56. Kf3 Rb2 57. Ra1 Rb3 0-1


[Site "https://www.chess.com"]

[Event "Titled Tuesday Blitz June 13 Early 2023"]
[White "Bacrot, Etienne"]
[Black "Le, Tuan Minh"]
[WhiteFideId "605506"]
[BlackFideId "12401153"]
[WhiteElo "2672"]
[BlackElo "2566"]
[Result "1-0"]
[Round "4"]
[TimeControl "180+2"]
[Date "2023.06.13"]
[WhiteClock "0:00:26"]
[BlackClock "0:00:44"]
[Board "6"]

1. e4 c5 2. Nf3 Nf6 3. e5 Nd5 4. Nc3 e6 5. g3 d6 6. exd6 Bxd6 7. Bg2 O-O 8. O-O Nc6 9. Nxd5 exd5 10. d4 Bg4 11. dxc5 Bxc5 12. h3 Bh5 13. c3 Re8 14. Bf4 a5 15. Qd2 Qd7 16. Rfe1 h6 17. Ne5 Nxe5 18. Bxe5 Rad8 19. Bd4 b6 20. Rxe8+ Qxe8 21. Re1 Qa4 22. b3 Qd7 23. Bxc5 bxc5 24. Re5 d4 25. Rxh5 Qe6 26. c4 d3 27. Bd5 Qf6 28. Qxd3 g6 29. Rh4 1-0


[Site "https://www.chess.com"]

[Event "Titled Tuesday Blitz June 13 Early 2023"]
[White "Lintchevski, Daniil"]
[Black "Sarana, Alexey"]
[WhiteFideId "4171055"]
[BlackFideId "24133795"]
[WhiteElo "2559"]
[BlackElo "2714"]
[Result "1-0"]
[Round "4"]
[TimeControl "180+2"]
[Date "2023.06.13"]
[WhiteClock "0:00:32"]
[BlackClock "0:00:00"]
[Board "7"]

1. Nf3 d5 2. d4 Nf6 3. c4 e6 4. Nc3 Nbd7 5. Bg5 h6 6. Bxf6 Nxf6 7. e3 a6 8. Rc1 dxc4 9. Bxc4 b5 10. Bd3 Bb7 11. Qc2 Rc8 12. Ne4 Bb4+ 13. Ke2 O-O 14. Rhd1 Nd7 15. a3 Be7 16. b4 Bd6 17. Nc5 Bxc5 18. dxc5 Bxf3+ 19. gxf3 Qe7 20. Be4 f5 21. Bb7 Rb8 22. c6 Ne5 23. Qc5 Qf6 24. f4 Nc4 25. Rxc4 bxc4 26. Qxc4 Kh8 27. Rd7 Rbd8 28. Qd4 Rxd7 29. Qxf6 gxf6 30. cxd7 Rd8 31. Bc6 Kg8 32. a4 Kf8 33. a5 Ke7 34. b5 Kd6 35. Bb7 axb5 36. a6 b4 37. a7 Kxd7 38. Kd3 c6 39. Kc4 Kc7 40. a8=Q Rxa8 41. Bxa8 c5 42. Bf3 1-0


[Site "https://www.chess.com"]

[Event "Titled Tuesday Blitz June 13 Early 2023"]
[White "Andreikin, Dmitry"]
[Black "Krzyzanowski, Marcin"]
[WhiteFideId "4158814"]
[BlackFideId "1132199"]
[WhiteElo "2736"]
[BlackElo "2471"]
[Result "1/2-1/2"]
[Round "4"]
[TimeControl "180+2"]
[Date "2023.06.13"]
[WhiteClock "0:00:57"]
[BlackClock "0:00:09"]
[Board "8"]

1. d4 Nf6 2. c4 e6 3. Nf3 d5 4. Bg5 Be7 5. e3 O-O 6. Qc2 c5 7. cxd5 cxd4 8. dxe6 Bxe6 9. exd4 Nc6 10. Nc3 Nxd4 11. Nxd4 Qxd4 12. Be2 Rac8 13. O-O Qe5 14. Bh4 Bb4 15. Bf3 Bxc3 16. bxc3 Rxc3 17. Qa4 Rc4 18. Bg3 Qxg3 19. Qxc4 Bxc4 20. hxg3 Bxf1 21. Kxf1 Rc8 22. Bxb7 Rc2 23. Bf3 g5 24. a4 a5 25. Rb1 g4 26. Bd1 Rd2 27. Ke1 Ra2 28. Rb5 Ne4 29. Rxa5 Nxf2 30. Bb3 Nd3+ 31. Kd1 Rxg2 32. Rf5 Nb2+ 33. Ke1 Nd3+ 34. Kf1 Rxg3 35. a5 Nb4 36. Bxf7+ Kg7 37. Bc4 Rf3+ 38. Rxf3 gxf3 39. Kf2 Kf6 40. Kxf3 Ke5 41. a6 Nxa6 42. Bxa6 h5 43. Kg3 h4+ 44. Kxh4 1/2-1/2


[Site "https://www.chess.com"]

[Event "Titled Tuesday Blitz June 13 Early 2023"]
[White "Xu, Yi"]
[Black "Duda, Jan-Krzysztof"]
[WhiteFideId "8605564"]
[BlackFideId "1170546"]
[WhiteElo "2460"]
[BlackElo "2783"]
[Result "1-0"]
[Round "4"]
[TimeControl "180+2"]
[Date "2023.06.13"]
[WhiteClock "0:00:05"]
[BlackClock "0:00:00"]
[Board "9"]

1. e4 c5 2. Nf3 d6 3. Bb5+ Bd7 4. Bxd7+ Nxd7 5. O-O Ngf6 6. Qe2 e6 7. d4 cxd4 8. Nxd4 Be7 9. c4 Rc8 10. b3 a6 11. Bb2 O-O 12. Nc3 Qa5 13. Rad1 Rfe8 14. f4 Bf8 15. Kh1 Qh5 16. Nf3 b5 17. cxb5 axb5 18. Qxb5 Qxb5 19. Nxb5 Nxe4 20. Nd2 Ndc5 21. Nc4 d5 22. Ne5 f6 23. Nf3 Na6 24. Rc1 Nb4 25. Nc7 Nd3 26. Nxe8 Rxe8 27. Rc2 Nxf4 28. Rd1 Ra8 29. a4 Rb8 30. a5 Rxb3 31. a6 Rb8 32. a7 Ra8 33. Bd4 e5 34. Bb6 d4 35. Rdc1 Nc3 36. Ra1 Nfd5 37. Rb2 d3 38. Bc5 Bxc5 39. Rb8+ Kf7 40. Rxa8 e4 41. Rf8+ Bxf8 42. a8=Q exf3 43. gxf3 d2 44. Qb7+ Kg6 45. Qd7 d1=Q+ 46. Rxd1 Nxd1 47. Qxd5 Ne3 48. Qe4+ Nf5 49. Qg4+ Kf7 50. Qxf5 g6 51. Qd7+ Be7 52. Kg2 f5 53. f4 Kf6 54. Kf3 h6 55. Ke2 g5 56. Kf3 Bf8 57. h3 Bg7 58. Qd6+ Kf7 59. Qd5+ Kf6 60. Ke2 Bf8 61. Kd3 gxf4 62. Qf3 Kg5 63. Kc4 Bg7 64. Kd5 Bf6 65. Ke6 Bd4 66. Qg2+ Kh4 67. Kxf5 h5 68. Kxf4 Be5+ 69. Kf3 Bf4 70. Qg6 Bc1 71. Qf5 1-0


[Site "https://www.chess.com"]

[Event "Titled Tuesday Blitz June 13 Early 2023"]
[White "Deac, Bogdan-Daniel"]
[Black "Harutjunyan, Gevorg"]
[WhiteFideId "1226380"]
[BlackFideId "13300873"]
[WhiteElo "2644"]
[BlackElo "2474"]
[Result "1-0"]
[Round "4"]
[TimeControl "180+2"]
[Date "2023.06.13"]
[WhiteClock "0:00:05"]
[BlackClock "0:00:00"]
[Board "10"]

1. b3 e5 2. Bb2 Nc6 3. Nf3 e4 4. Nd4 Nf6 5. e3 d5 6. c4 Nxd4 7. Bxd4 Be7 8. Nc3 dxc4 9. Bxc4 O-O 10. O-O c5 11. Be5 Bf5 12. f3 Bg6 13. f4 Qd7 14. Bb5 Qe6 15. Bc4 Qd7 16. a4 Rad8 17. Qe1 a6 18. h3 Qxd2 19. Qxd2 Rxd2 20. f5 Bh5 21. Bxf6 Bxf6 22. Nxe4 Bxa1 23. Nxd2 Bf6 24. g4 Bg5 25. Ne4 Bxe3+ 26. Kg2 Re8 27. Kf3 Bxg4+ 28. hxg4 Bd4 29. Bxf7+ Kxf7 30. Nd6+ Ke7 31. Nxe8 Kxe8 32. Ke4 Ke7 33. g5 b5 34. axb5 axb5 35. b4 Kf7 36. Kd5 Be3 37. bxc5 Bxg5 38. c6 Bd8 39. Rb1 Kf6 40. Rxb5 h5 41. Kd6 h4 42. Kd7 1-0


[Site "https://www.chess.com"]

[Event "Titled Tuesday Blitz June 13 Early 2023"]
[White "Sviridov, Valery"]
[Black "Kosakowski, Jakub"]
[WhiteFideId "4120680"]
[BlackFideId "1185080"]
[WhiteElo "2457"]
[BlackElo "2488"]
[Result "0-1"]
[Round "4"]
[TimeControl "180+2"]
[Date "2023.06.13"]
[WhiteClock "0:00:06"]
[BlackClock "0:00:05"]
[Board "11"]

1. d4 Nf6 2. Nf3 d5 3. c4 e6 4. g3 Bb4+ 5. Bd2 Be7 6. Bg2 O-O 7. O-O a5 8. Qc2 c6 9. Rd1 b6 10. b3 Bb7 11. Nc3 Na6 12. e4 Rc8 13. Re1 h6 14. Rad1 c5 15. exd5 exd5 16. dxc5 Bxc5 17. Bf4 Re8 18. Ne5 g5 19. Bc1 Nb4 20. Qb2 Qc7 21. Nxd5 Nbxd5 22. cxd5 Bb4 23. d6 Bxd6 24. Bxb7 Bxe5 25. Rxe5 Qxb7 26. Bxg5 Qf3 27. Rd6 Ng4 28. Rxe8+ Rxe8 29. Rd8 Rxd8 30. Bxd8 Qd1+ 31. Kg2 Qxd8 32. Qe2 Qd5+ 33. Kg1 Ne5 34. Qa6 Nf3+ 35. Kg2 Nd2+ 36. Kg1 Nf3+ 37. Kg2 Nd4+ 38. Kg1 Qe6 39. Qa8+ Kg7 40. h4 Qc6 41. Qd8 Qf6 42. Qa8 Qe5 43. Qb7 b5 44. Qa8 b4 45. Qb7 Ne6 46. Qf3 h5 47. Qd1 Nc5 48. Qf3 Ne4 49. Qe3 Kg6 50. Qd3 Qf5 51. Qe3 Nf6 52. Qb6 Kg7 53. Qd4 Qb1+ 54. Kg2 Qxa2 55. Qe5 Qc2 56. Qg5+ Qg6 57. Qxa5 Qe4+ 58. Kg1 Qe1+ 59. Kg2 Qe4+ 60. Kg1 Nd5 61. Qd8 Qe1+ 62. Kg2 Qe4+ 63. Kg1 Qe5 64. Kg2 Nf6 65. Qb6 Qd5+ 66. Kg1 Qxb3 67. Qc5 Qb1+ 68. Kg2 b3 69. Qg5+ Qg6 70. Qb5 Qe4+ 71. Kg1 Qe1+ 72. Kg2 Qe4+ 73. Kg1 Qg6 74. Qxb3 Qe4 75. Qb5 Qe1+ 76. Kg2 Qe4+ 77. Kg1 Qg4 78. Qe5 Kg6 79. Qb8 Qf5 80. Qb2 Ne4 81. Qe2 Qd5 82. Qe3 Qd1+ 83. Kg2 Qd5 84. Kg1 Nd6 85. Qe7 Nb5 86. Qf8 Nd4 87. Qg8+ Kf6 88. Qh8+ Ke7 89. Qb8 Nf3+ 90. Kf1 Qd1+ 91. Kg2 Ne1+ 92. Kf1 Nd3+ 93. Kg2 Qe2 94. Qa7+ Kf8 95. Qd4 Ne1+ 96. Kh1 Qf1+ 0-1


[Site "https://www.chess.com"]

[Event "Titled Tuesday Blitz June 13 Early 2023"]
[White "Ivanchuk, Vasyl"]
[Black "Gharibyan, Mamikon"]
[WhiteFideId "14100010"]
[BlackFideId "13308300"]
[WhiteElo "2710"]
[BlackElo "2445"]
[Result "0-1"]
[Round "4"]
[TimeControl "180+2"]
[Date "2023.06.13"]
[WhiteClock "0:00:05"]
[BlackClock "0:00:15"]
[Board "12"]

1. e4 e5 2. Nf3 Nc6 3. d4 exd4 4. c3 d5 5. exd5 Qxd5 6. cxd4 Bb4+ 7. Nc3 Nf6 8. Bd3 O-O 9. O-O Bxc3 10. bxc3 Bg4 11. Bf4 Rfe8 12. Bxc7 Rac8 13. Bg3 Ne4 14. c4 Qh5 15. d5 Nd4 16. Nxd4 Bxd1 17. Rfxd1 Nc3 18. Rdc1 Nxd5 19. Bf5 Nf6 20. Bxc8 Rxc8 21. f3 Qg6 22. Bf2 Nh5 23. Ne2 Qd3 24. Re1 h6 25. c5 Re8 26. Ng3 Rxe1+ 27. Rxe1 Nf4 28. Ne4 Qc2 29. a3 Nd3 30. Rf1 Nxf2 31. Nxf2 Qxc5 32. h3 Qxa3 33. Rd1 b5 34. Rd7 b4 35. Rb7 b3 36. Nd3 a5 37. Rb5 a4 38. Kh2 Qd6+ 0-1


[Site "https://www.chess.com"]

[Event "Titled Tuesday Blitz June 13 Early 2023"]
[White "Mekhitarian, Krikor Sevag"]
[Black "Lenderman, Aleksandr"]
[WhiteFideId "2107660"]
[BlackFideId "2021285"]
[WhiteElo "2604"]
[BlackElo "2607"]
[Result "1-0"]
[Round "4"]
[TimeControl "180+2"]
[Date "2023.06.13"]
[WhiteClock "0:00:10"]
[BlackClock "0:00:22"]
[Board "13"]

1. Nf3 Nf6 2. c4 b6 3. d4 Bb7 4. Nc3 e6 5. e3 Bb4 6. Bd2 O-O 7. Bd3 Bxc3 8. Bxc3 Ne4 9. Rc1 d6 10. Qc2 f5 11. O-O Nd7 12. Be1 Rf6 13. Nd2 Nxd2 14. Qxd2 Rh6 15. f3 Nf6 16. d5 Qe7 17. e4 fxe4 18. fxe4 e5 19. Bf2 Rf8 20. Be3 Rg6 21. h3 Bc8 22. Rf3 Nh5 23. Rcf1 Rxf3 24. Rxf3 h6 25. Qf2 Nf6 26. b4 Qe8 27. Rg3 Rxg3 28. Qxg3 Kh7 29. Bc2 Qg6 30. Qxg6+ Kxg6 31. Kf2 Bd7 32. a4 c5 33. dxc6 Bxc6 34. Kf3 Kf7 35. b5 Bb7 36. a5 bxa5 37. Bxa7 Nd7 38. Be3 Ke6 39. Bd2 a4 40. Bb4 Bxe4+ 41. Kxe4 1-0


[Site "https://www.chess.com"]

[Event "Titled Tuesday Blitz June 13 Early 2023"]
[White "Henriquez Villagra, Cristobal"]
[Black "Priasmoro, Novendra"]
[WhiteFideId "3409350"]
[BlackFideId "7105029"]
[WhiteElo "2542"]
[BlackElo "2412"]
[Result "1-0"]
[Round "4"]
[TimeControl "180+2"]
[Date "2023.06.13"]
[WhiteClock "0:00:28"]
[BlackClock "0:00:07"]
[Board "14"]

1. e4 c5 2. Nf3 Nc6 3. Nc3 g6 4. Bc4 Bg7 5. O-O d6 6. a3 Nf6 7. d3 O-O 8. Ba2 Rb8 9. Re1 b5 10. Nd5 e6 11. Nxf6+ Bxf6 12. c3 a5 13. Bh6 Re8 14. Qd2 b4 15. axb4 axb4 16. d4 bxc3 17. bxc3 cxd4 18. cxd4 e5 19. Ng5 Be6 20. d5 Nd4 21. dxe6 fxe6 22. h4 Qe7 23. Rec1 Rb7 24. Rab1 Ra7 25. Bc4 Kh8 26. Rb2 Rc7 27. Bf1 Rxc1 28. Qxc1 d5 29. Rb6 dxe4 30. Nxe4 Bxh4 31. Qb1 Nf5 32. Rb7 Qd8 33. Qb5 Nxh6 34. Qxe5+ Bf6 35. Nxf6 1-0


[Site "https://www.chess.com"]

[Event "Titled Tuesday Blitz June 13 Early 2023"]
[White "Matinian, Nikita"]
[Black "Matlakov, Maxim"]
[WhiteFideId "24129100"]
[BlackFideId "4168003"]
[WhiteElo "2422"]
[BlackElo "2666"]
[Result "1/2-1/2"]
[Round "4"]
[TimeControl "180+2"]
[Date "2023.06.13"]
[WhiteClock "0:00:03"]
[BlackClock "0:00:06"]
[Board "15"]

1. e4 c5 2. Nf3 Nc6 3. Bb5 e6 4. c3 d5 5. exd5 exd5 6. O-O Bd6 7. d4 Ne7 8. dxc5 Bxc5 9. Nbd2 O-O 10. Nb3 Bb6 11. Re1 Nf5 12. Bd3 h6 13. Bc2 Be6 14. Qd3 Re8 15. Bf4 g6 16. Re2 Qf6 17. Rae1 Rad8 18. Ne5 d4 19. Nxc6 bxc6 20. Be5 Qg5 21. Nxd4 Bxd4 22. cxd4 c5 23. Ba4 Rf8 24. f4 Qe7 25. d5 Rxd5 26. Qc3 Nd4 27. Re3 Qh4 28. Bb3 Nxb3 29. axb3 Rfd8 30. Bf6 Qxf4 31. Bxd8 Rxd8 32. Qxc5 Rd2 33. R3e2 Rd3 34. Qxa7 Rxb3 35. Rf1 Qd6 36. Qa8+ Kg7 37. Qe4 Qc5+ 38. Kh1 Bf5 39. Qe5+ Qxe5 40. Rxe5 Rxb2 41. h3 h5 42. Re7 Kf6 43. Re3 Kg7 44. Ref3 Rc2 45. R3f2 Rc3 46. Kh2 Rb3 47. Rxf5 gxf5 48. Rxf5 Kg6 49. Rc5 f6 50. Rc8 Ra3 1/2-1/2


[Site "https://www.chess.com"]

[Event "Titled Tuesday Blitz June 13 Early 2023"]
[White "Rakotomaharo, Fy Antenaina"]
[Black "Zhigalko, Sergei"]
[WhiteFideId "13100050"]
[BlackFideId "13502956"]
[WhiteElo "2427"]
[BlackElo "2626"]
[Result "0-1"]
[Round "4"]
[TimeControl "180+2"]
[Date "2023.06.13"]
[WhiteClock "0:00:23"]
[BlackClock "0:00:19"]
[Board "16"]

1. c4 e5 2. g3 Nf6 3. Bg2 c6 4. Nf3 d6 5. Nc3 Be7 6. d4 e4 7. Ng5 d5 8. Qb3 O-O 9. O-O h6 10. Nh3 dxc4 11. Qxc4 Bf5 12. f3 exf3 13. exf3 b5 14. Qe2 Qxd4+ 15. Be3 Qd7 16. Rad1 Qc8 17. g4 Be6 18. Rfe1 Nbd7 19. Nf4 Bc4 20. Qc2 b4 21. Ne4 Bd5 22. Nc5 Re8 23. Nxd7 Qxd7 24. Bd4 Qd6 25. Bxf6 Bxf6 26. Rxe8+ Rxe8 27. Nxd5 cxd5 28. Qa4 Re2 29. Qxa7 Rxb2 30. f4 Qxf4 31. Qa8+ Kh7 32. Qxd5 Qxg4 33. Kh1 Rxg2 0-1


[Site "https://www.chess.com"]

[Event "Titled Tuesday Blitz June 13 Early 2023"]
[White "Maatman, Nick"]
[Black "Swiercz, Dariusz"]
[WhiteFideId "1040391"]
[BlackFideId "1126881"]
[WhiteElo "2717"]
[BlackElo "2620"]
[Result "0-1"]
[Round "4"]
[TimeControl "180+2"]
[Date "2023.06.13"]
[WhiteClock "0:01:01"]
[BlackClock "0:01:49"]
[Board "17"]

1. d4 Nf6 2. c4 e6 3. g3 c5 4. d5 exd5 5. cxd5 d6 6. Nc3 g6 7. Bg2 Bg7 8. Nf3 O-O 9. O-O a6 10. a4 Nbd7 11. Bf4 Qe7 12. Qc1 Rb8 13. a5 b5 14. axb6 Rxb6 15. Ra4 Rb4 16. Nd2 Nh5 17. Be3 Bxc3 0-1


[Site "https://www.chess.com"]

[Event "Titled Tuesday Blitz June 13 Early 2023"]
[White "Bharath Subramaniyam H"]
[Black "Maevsky, Nikolay"]
[WhiteFideId "46634827"]
[BlackFideId "4198220"]
[WhiteElo "2400"]
[BlackElo "2021"]
[Result "1-0"]
[Round "4"]
[TimeControl "180+2"]
[Date "2023.06.13"]
[WhiteClock "0:00:24"]
[BlackClock "0:00:20"]
[Board "18"]

1. b3 d5 2. Bb2 Bg4 3. f3 Bf5 4. e4 dxe4 5. Nc3 e3 6. dxe3 Qxd1+ 7. Rxd1 c6 8. e4 Bg6 9. h4 h6 10. Nge2 e5 11. g4 Nd7 12. Ng3 O-O-O 13. h5 Bh7 14. Bc4 f6 15. Nf5 Kc7 16. O-O Bc5+ 17. Kg2 Bxf5 18. gxf5 Ne7 19. Be6 Bd4 20. Ba3 Nc5 21. Rxd4 exd4 22. Bxc5 dxc3 23. Bxe7 Rd2+ 24. Rf2 Rxf2+ 25. Kxf2 a5 26. f4 Re8 27. Bc5 Rd8 28. Be3 Rd1 29. e5 Rh1 30. Bf7 Rh2+ 31. Kf3 Rxc2 32. e6 Kd6 33. Bc5+ Kxc5 34. e7 Rf2+ 35. Kxf2 c2 36. e8=Q c1=Q 37. Qe3+ Qxe3+ 38. Kxe3 b5 39. a3 Kd6 40. Kd4 c5+ 41. Ke4 Kc6 42. Be8+ Kb6 43. Kd5 c4 44. bxc4 b4 45. axb4 axb4 46. Ba4 Kc7 47. Kc5 b3 48. Bxb3 1-0


[Site "https://www.chess.com"]